Map: Dash and Terminal LE (Void)

Players

TenjouUtena

  • Race: Zerg Zerg
  • League: Grandmaster

SunTuz - Winner!

  • Race: Terran Terran
  • League: Grandmaster

VOD

Have the link to the VOD?

Description

Time

  • Played on: July 26, 2015, 5 p.m.
  • Length: 19:07
Show
View Real Time Build Order
Export as new Build Order

TenjouUtena Zerg 

Build Orders: Hatch First 

Get SALT Encoding   

  12  0:01  Drone  
  13  0:14  Drone  
  13  0:20  Overlord  
  14  0:50  Hatchery  
  14  0:52  Drone x2  
  15  1:08  Drone  
  15  1:10  Drone  
  17  1:19  Spawning Pool  
  17  1:40  Drone  
  17  1:41  Drone  
  17  1:43  Drone  
  19  1:56  Overlord  
  19  2:01  Extractor  
  18  2:04  Drone  
  19  2:11  Drone  
  20  2:16  Queen  
  20  2:17  Queen  
  24  2:28  Drone x2  
  26  2:32  Zergling x4  
  28  2:48  Drone x2  
  28  2:49  Drone x2  
  32  2:57  Roach Warren  
  31  3:06  Lair  
  31  3:09  Queen  
  33  3:13  Overlord  
  33  3:17  Zergling x2  
  34  3:33  Drone x2  
  34  3:34  Drone x2  
  38  3:35  Overlord  
  38  3:36  Overlord  
  38  3:44  Extractor  
  38  3:45  Extractor  
  38  3:46  Drone x2  
  38  3:47  Drone x3, Extractor  
  40  4:04  Roach  
  40  4:05  Roach x4  
  50  4:18  Drone x6  
  56  4:28  Overlord  
  56  4:40  Queen  
  56  4:43  Drone x2  
  60  4:57  Drone x3  
  60  4:58  Drone x4  
  67  5:08  Spire  
  66  5:32  Drone x2  
  66  5:34  Hatchery  
  67  5:40  Overlord x2  
  67  5:52  Overlord x2  
  66  6:20  Roach x2  
  66  6:22  Mutalisk x9  
  66  6:23  Mutalisk x3  
  94  6:27  Zergling x2  
  94  6:28  Zergling x8  
  99  6:32  Metabolic Boost  
  99  6:57  Drone  
  99  6:58  Drone x5  
  105  7:26  Overlord x2  
  101  7:57  Zerg Flyer Weapons Level 1  
  101  7:59  Zergling x18  
  101  8:00  Zergling x6  
  101  8:03  Overlord x3  
  113  8:20  Queen  
  115  8:30  Drone x3  
  118  8:36  Extractor x2  
  118  8:39  Mutalisk x10  
  136  8:42  Overlord x3  
  136  9:04  Evolution Chamber  
  136  9:07  Evolution Chamber  
  134  9:43  Hatchery, Extractor x2  
  131  9:47  Mutalisk  
  131  9:48  Mutalisk x5  
  131  9:49  Overlord x2  
  131  9:50  Overlord  
  131  9:51  Zergling x2  
  131  9:52  Zergling x14  
  151  10:01  Zerg Missile Weapons Level 1  
  151  10:02  Zerg Ground Armor Level 1  
  127  10:39  Zergling x28  
  138  11:06  Mutalisk x10  
  158  11:17  Drone  
  158  11:18  Drone x2  
  161  11:37  Infestation Pit  
  161  11:39  Zerg Flyer Armor Level 1  
  160  11:55  Zerg Melee Weapons Level 1  
  150  12:43  Mutalisk x4  
  150  12:44  Mutalisk x6  
  152  12:45  Zergling x2  
  152  12:46  Zergling x16  
  152  12:49  Hive  
  179  13:03  Swarm Host x2  
  179  13:04  Swarm Host  
  188  13:07  Infestor x2  
  192  13:12  Overlord  
  192  13:13  Overlord x3  
  192  13:39  Drone x3  
  195  13:57  Pneumatized Carapace  
  195  14:17  Ultralisk Cavern  
  176  14:48  Zergling x8  
  176  14:49  Zergling x48  
  200  15:17  Hatchery  
  94  15:44  Ultralisk  
  94  15:45  Ultralisk x9  
  150  15:51  Roach x3  
  150  15:52  Roach  
  141  16:15  Roach, Zergling x12  
  141  16:16  Zergling x6  
  131  16:37  Mutalisk x2  
  131  16:38  Mutalisk x3  
  74  17:17  Ultralisk  
  74  17:18  Ultralisk  
  86  17:28  Queen  
  75  18:07  Mutalisk x3  
  75  18:08  Mutalisk x8  
  97  18:19  Queen  
Show
View Real Time Build Order
Export as new Build Order

SunTuz Terran - Winner!

Build Orders: MMM Bio 

Get SALT Encoding   

  12  0:01  SCV  
  13  0:13  SCV  
  14  0:24  Supply Depot  
  14  0:30  Refinery  
  14  0:41  SCV  
  15  0:50  Barracks  
  15  0:55  SCV  
  16  1:04  Supply Depot  
  16  1:08  SCV  
  16  1:10  Refinery  
  17  1:20  SCV  
  18  1:32  SCV  
  19  1:38  Marine  
  20  1:45  Orbital Command  
  20  1:56  Marine  
  21  2:14  Marine  
  22  2:17  Command Center  
  22  2:31  Marine  
  23  2:38  Factory  
  23  2:39  SCV  
  24  2:49  Marine  
  25  2:51  SCV  
  26  3:02  Barracks  
  26  3:09  Barracks Tech Lab  
  26  3:17  SCV  
  27  3:21  Factory Tech Lab  
  27  3:25  Starport  
  27  3:29  SCV  
  28  3:35  Supply Depot  
  28  3:36  Supply Depot  
  28  3:40  Supply Depot  
  28  4:01  Marine, Marauder  
  31  4:06  Siege Tank  
  34  4:12  SCV  
  34  4:13  Orbital Command  
  35  4:22  Barracks Reactor  
  35  4:24  SCV  
  35  4:26  Starport Tech Lab  
  36  4:36  Marine  
  37  4:49  Raven  
  39  4:54  Barracks, Marine  
  40  5:01  SCV x2  
  42  5:08  Refinery  
  42  5:10  Refinery  
  42  5:12  Marine  
  43  5:15  SCV  
  43  5:16  SCV  
  43  5:17  Factory, Barracks  
  45  5:27  SCV, Siege Tank  
  45  5:28  SCV  
  50  5:36  Marine x2  
  50  5:37  Marine  
  53  5:43  Stimpack  
  53  5:45  Barracks Tech Lab  
  53  5:50  Banshee  
  53  5:55  Marauder  
  58  5:57  SCV x2  
  58  5:59  Siege Tank  
  58  6:03  Factory Tech Lab  
  63  6:06  Barracks Reactor  
  63  6:09  SCV x2, Marine  
  63  6:10  Marine  
  67  6:16  Marine  
  68  6:21  SCV  
  68  6:22  SCV  
  70  6:37  Supply Depot  
  70  6:41  Supply Depot  
  70  6:43  Supply Depot  
  70  6:44  Supply Depot  
  70  6:58  SCV x2, Siege Tank, Marine x3  
  70  6:59  Command Center  
  78  7:10  SCV  
  78  7:11  Barracks  
  79  7:16  Marine  
  80  7:24  Engineering Bay  
  80  7:30  SCV x2  
  80  7:32  Marine x3  
  80  7:33  Marine  
  80  7:34  Marine  
  87  7:38  Medivac  
  87  7:43  Combat Shields  
  83  7:50  Marine x2  
  79  7:53  Marine x3  
  82  8:05  Barracks x2  
  82  8:08  Medivac, Marine x2  
  82  8:09  Barracks, Missile Turret  
  82  8:10  Missile Turret  
  82  8:11  Marine x3  
  89  8:14  Missile Turret  
  89  8:15  Orbital Command  
  89  8:20  SCV  
  89  8:23  SCV  
  89  8:25  Marine  
  89  8:26  Marine  
  93  8:28  Marine  
  93  8:29  Marine  
  93  8:32  SCV  
  96  8:35  SCV  
  96  8:36  Missile Turret  
  96  8:37  Barracks Reactor  
  97  8:42  Barracks  
  97  8:45  SCV x2, Missile Turret x2  
  97  8:47  SCV  
  100  8:58  Marine x2  
  100  8:59  Refinery x2, Marine x3  
  100  9:00  SCV x2  
  100  9:01  SCV  
  100  9:02  Concussive Shells  
  108  9:03  Cyclone x2  
  114  9:12  SCV  
  114  9:13  SCV, Barracks Reactor  
  114  9:16  Marine  
  117  9:28  Barracks Reactor, Barracks Tech Lab  
  117  9:31  Marine  
  117  9:35  Marine  
  117  9:43  Starport  
  117  9:54  Terran Infantry Weapons Level 1  
  117  10:10  Armory, Engineering Bay  
  117  10:20  Supply Depot  
  117  10:21  Supply Depot  
  117  10:24  Supply Depot  
  117  10:25  Supply Depot  
  117  10:32  Starport Reactor  
  117  10:39  Command Center  
  117  10:41  Medivac, Marine x6  
  125  10:43  Marine x6  
  131  10:59  Marine x6  
  131  11:00  Cyclone x2, Marine x6  
  149  11:25  Refinery x2  
  149  11:29  Barracks  
  149  11:31  Barracks  
  149  11:40  Starport  
  149  11:48  Terran Infantry Armor Level 1  
  149  11:49  SCV x2  
  149  11:50  SCV, Cyclone, Medivac x3, Marine x4  
  154  12:01  SCV  
  154  12:02  SCV x2  
  154  12:14  SCV x2  
  146  12:20  Medivac  
  146  12:21  SCV  
  145  12:36  Supply Depot x2  
  144  12:37  Supply Depot  
  144  12:39  Supply Depot, Starport Reactor  
  144  12:42  Supply Depot  
  143  12:44  Supply Depot  
  143  12:45  Supply Depot  
  143  12:48  Supply Depot  
  143  13:00  SCV, Marine x6  
  143  13:03  Thor, Viking  
  158  13:05  Marine x5  
  158  13:06  SCV, Hellion, Viking, Marine  
  158  13:07  Supply Depot  
  158  13:08  Supply Depot  
  169  13:18  SCV, Marine  
  172  13:24  Planetary Fortress  
  171  13:30  SCV  
  171  13:32  Barracks Tech Lab  
  172  13:35  Marine x5  
  172  13:36  Marine  
  172  13:38  Barracks Tech Lab  
  178  13:42  SCV  
  178  13:43  Supply Depot  
  178  13:44  Supply Depot x2, Viking  
  178  13:46  Thor, Supply Depot  
  187  14:07  Factory  
  187  14:08  Factory  
  187  14:12  Medivac x2  
  191  14:22  Terran Infantry Weapons Level 2  
  191  14:29  Thor  
  197  14:43  SCV  
  197  14:44  SCV  
  198  14:55  SCV  
  198  14:56  SCV  
  200  15:04  Factory Reactor  
  200  15:13  Factory Tech Lab  
  183  15:40  Marine  
  183  15:41  Marine x13  
  197  15:58  Marine  
  197  15:59  Marine x2  
  199  16:09  SCV x2  
  197  16:18  Command Center  
  196  16:21  Command Center, SCV  
  196  16:22  SCV, Marine  
  196  16:23  Marine  
  182  16:33  SCV  
  182  16:34  SCV  
  156  16:45  SCV  
  156  16:46  SCV  
  137  16:50  Marine x13  
  137  16:51  Marine  
  144  16:55  Medivac  
  144  16:56  Medivac x2  
  144  16:57  SCV  
  144  16:58  SCV  
  151  17:07  Marine  
  151  17:08  Marine x11  
  150  17:20  Marine  
  150  17:21  Marine  
  152  17:25  Marine  
  152  17:26  Marine x11  
  152  17:28  SCV x2  
  166  17:34  Orbital Command  
  166  17:38  Marine  
  166  17:39  Marine  
  166  17:40  SCV x2  
  166  17:41  Orbital Command  
  166  17:43  Marine  
  166  17:44  Marine x3  
  174  17:52  SCV x2  
  174  17:56  Refinery x2  
  173  17:59  SCV  
  173  18:04  SCV x2  
  173  18:11  SCV  
  173  18:12  Refinery  
  167  18:13  Refinery  
  167  18:16  SCV x2  
  167  18:17  Medivac x3  
  167  18:19  Marine x11  
  186  18:29  Marine x3  
  189  18:36  Marine  
  189  18:37  Marine x4  
  189  18:38  SCV x2  
  189  18:39  SCV x2  
  194  18:50  SCV x2  
Tags
 
Add a new tag
Caveats
  • Supply blocks, unpowered buildings, or Contaminate may cause inaccurate times.
  • Supply counts are checked every 10 seconds.